 Dungeon Crawl Stone Soup version 0.29-a0-613-gf2c431b9b9 (webtiles) character file.

Game seed: 16973947793930595283

22 DocClef the Skirmisher (level 2, -2/28 HPs)
             Began as a Draconian Fighter on June 16, 2022.
             Slain by Terence
             ... wielding a +0 flail
              (8 damage)
             ... on level 2 of the Dungeon.
             The game lasted 00:00:51 (1049 turns).

DocClef the Skirmisher (Draconian Fighter)          Turns: 1049, Time: 00:00:52

Health: -2/28      AC:  4    Str: 18    XL:     2   Next: 68%
Magic:  2/2        EV: 11    Int:  8    God:
Gold:   47         SH:  4    Dex: 10    Spells: 1/1 levels left

rFire   . . .      SeeInvis .   a - +0 war axe
rCold   . . .      Faith    .   b - +0 buckler
rNeg    . . .      Spirit   .   (body armour unavailable)
rPois   .          Reflect  .   (helmet restricted)
rElec   .          Harm     +   j - scarf {harm}
rCorr   .          Rampage  .   (no gloves)
Will    .....                   (no boots)
Stlth   +.........              (no amulet)
HPRegen 0.09/turn               (no ring)
MPRegen 0.08/turn               (no ring)

@: no status effects
A: AC +4, unfitting armour, cold-blooded
a: no special abilities


You were on level 2 of the Dungeon.
You visited 1 branch of the dungeon, and saw 2 of its levels.

You collected 47 gold pieces.

Inventory:

Hand Weapons
 a - a +0 war axe (weapon)
Armour
 b - a +0 buckler (worn)
 j - a scarf of harm (worn)
Scrolls
 g - 2 scrolls of teleportation {unknown}
 i - a scroll of enchant armour {unknown}
 k - a scroll of torment {unknown}
Potions
 c - a potion of might
 d - a potion of heal wounds {unknown}
 e - a potion of curing {unknown}
 f - a potion of lignification {unknown}
 h - a potion of degeneration {unknown}


   Skills:
 + Level 4.4 Fighting
 - Level 2.0 Axes
 - Level 2.6 Dodging
 - Level 3.0 Shields


You had one spell level left.
You didn't know any spells.
Your spell library contained the following spells:

 Spells                   Type           Power      Damage    Failure   Level
 Slow                     Hex            0%         N/A       50%         1
 Confusing Touch          Hex            0%         N/A       86%         3
 Vampiric Draining        Necr           0%         2d6       86%         3


Dungeon Overview and Level Annotations

Branches:
Dungeon (2/15)

Altars:

Annotations:
D:2 Terence


Innate Abilities, Weirdness & Mutations

Your plain brown scales are hard. (AC +4)
You cannot fit into any form of body armour.
You are cold-blooded and may be slowed by cold attacks.


Message History

You slash Terence!
Terence is heavily wounded.
The bat hits you but does no damage. You block Terence's attack.
You barely miss Terence.
Terence is heavily wounded.
The bat hits you. Terence closely misses you. You block Terence's attack.
You completely miss Terence.
Terence is heavily wounded.
You hit the bat. The bat barely misses you.
Terence asks, "Do you want it fast or slow?"
Terence barely misses you.
You barely miss Terence.
Terence is heavily wounded.
You block the bat's attack. The bat misses you. Terence closely misses you.
You closely miss the bat.
Your tail-slap misses the bat.
The bat is severely wounded.
You barely miss Terence. You block the bat's attack. The bat barely misses you.
Terence barely misses you. The bat barely misses you.
Terence barely misses you.
You closely miss Terence.
Terence is heavily wounded.
You hit the bat.
You kill the bat!
Terence barely misses you.
Unknown command.
You barely miss Terence.
Terence is heavily wounded.
Terence barely misses you. Terence hits you with a +0 flail.
You hit Terence but do no damage.
Terence is heavily wounded.
Terence hits you with a +0 flail.
* * * LOW HITPOINT WARNING * * *
Unknown command.
You hit Terence.
Terence is almost dead.
Terence closely misses you. Terence barely misses you.
You barely miss Terence.
Terence is almost dead.
Terence hits you with a +0 flail!
You die...

# #. ## ## ..
#.###.. .# ...
#..##.#### .# ....
##.....?.##.#.....
.........#†.....#
##.........@@#
######..#......##.#
......†.#.)....#
... .. #.........#
....# ##.#
#.........# ....#
.....#..#......#
..###
#...<.#......#
..#..
#...........(.# ..#
P. #.####...##...#


You could see Terence.

Vanquished Creatures
  A dart slug (D:1)
  A ball python (D:1)
  An endoplasm (D:1)
  2 giant cockroaches (D:1)
  3 goblins
  2 hobgoblins (D:2)
  2 kobolds (D:1)
  3 bats
  A frilled lizard (D:1)
  3 rats (D:1)
19 creatures vanquished.

Notes
Turn   | Place    | Note
-------+----------+-------------------------------------------
     0 | D:1      | DocClef the Draconian Fighter began the quest for the Orb.
     0 | D:1      | Reached XP level 1. HP: 19/19 MP: 1/1
   267 | D:1      | Reached XP level 2. HP: 27/27 MP: 2/2
   268 | D:1      | Reached skill level 4 in Fighting
  1036 | D:2      | Noticed Terence
  1049 | D:2      | Slain by Terence

Illustrated notes

Levels and vault maps discovered:
D:1:      ebering_hopf_link, layout_basic
D:2:      layout_rooms, serial_aquarium, aquarium_bridge_square
          [aquarium_subvault_bridge, aquarium_subvault_wall,
          aquarium_subvault_window, aquarium_subvault_wall],
          aquarium_bridge_square [aquarium_subvault_wall,
          aquarium_subvault_window, aquarium_subvault_bridge,
          aquarium_subvault_wall], aquarium_window_1, aquarium_window_fake,
          aquarium_window_fake, aquarium_window_3, aquarium_view_2f,
          aquarium_pool_split, uniq_terence

Skill      XL: |  1  2 |
---------------+-------+-----
Fighting       | 4 |  4.4
Axes           | |  2.0
Dodging        | |  2.6
Shields        | |  3.0

Action                   || total
-------------------------++-------
Melee: War axe           ||    48
       Tailslap          ||     1
 Stab: Sleeping          ||     1
Armor: Skin              ||    15
Dodge: Dodged            ||    40
Block: Buckler           ||     9

Table legend: (Time is in decaauts)
 A = Elapsed time spent in this place.
 B = Non-inter-level travel time spent in this place.
 C = Inter-level travel time spent in this place.
 D = Time resting spent in this place.
 E = Time spent auto-exploring this place.
 F = Levels seen in this place.
 G = Mean time per level.
                   A        B        C        D        E       F      G
               +--------+--------+--------+--------+--------+-----+--------+
         Total |   1074 |   1033 |     41 |      0 |    866 |   2 |  537.0 |
       Dungeon |   1074 |   1033 |     41 |      0 |    866 |   2 |  537.0 |
               +--------+--------+--------+--------+--------+-----+--------+

Top non-repeatable levels by time:
     D:1: 953 daAuts
     D:2: 120 daAuts
